Map: Dusk Towers

Players

DaBiggerFish

  • Race: Terran Terran
  • League: Master

FinnsoN - Winner!

  • Race: Terran Terran
  • League: Master

VOD

Have the link to the VOD?

Description

Time

  • Played on: July 10, 2016, 1:44 p.m.
  • Length: 18:00
Show
View Real Time Build Order
Export as new Build Order

DaBiggerFish Terran 

Build Orders: Reaper Expand, MMM Bio 

Get SALT Encoding   

  12  0:00  SCV  
  13  0:13  SCV  
  14  0:18  Supply Depot  
  14  0:25  SCV  
  15  0:39  SCV  
  15  0:41  Barracks  
  16  0:45  Refinery  
  16  0:51  SCV  
  17  1:03  SCV  
  18  1:16  SCV  
  19  1:28  Orbital Command  
  19  1:29  Reaper  
  20  1:42  Command Center  
  20  1:54  Supply Depot  
  20  1:56  SCV  
  21  2:03  Barracks Reactor  
  21  2:08  SCV  
  21  2:20  SCV  
  22  2:23  Factory  
  22  2:27  Refinery  
  22  2:32  SCV  
  23  2:38  Marine  
  23  2:39  Marine  
  25  2:44  SCV  
  26  2:54  Orbital Command  
  26  2:56  Marine, SCV  
  26  2:57  Marine  
  29  3:08  SCV, Hellion, Starport  
  32  3:14  Marine  
  32  3:15  Marine  
  34  3:21  SCV x2  
  36  3:27  Supply Depot  
  36  3:30  Factory Tech Lab  
  36  3:32  Marine x2  
  36  3:33  SCV  
  39  3:37  SCV  
  40  3:42  Supply Depot  
  40  3:45  SCV, Viking  
  43  3:49  SCV  
  43  3:52  Marine x2  
  46  3:57  SCV  
  46  4:00  Cyclone  
  46  4:01  SCV  
  52  4:09  SCV  
  53  4:10  Marine x2  
  53  4:13  SCV  
  53  4:14  Engineering Bay  
  53  4:16  Medivac  
  58  4:21  SCV  
  59  4:25  SCV  
  59  4:29  Supply Depot  
  59  4:31  Marine  
  60  4:33  SCV  
  61  4:40  SCV  
  61  4:41  Supply Depot  
  62  4:46  Starport Reactor  
  62  4:50  SCV, Marine x2, Siege Tank  
  62  4:52  Supply Depot  
  68  4:55  SCV  
  68  4:59  Barracks x2  
  69  5:04  Supply Depot  
  69  5:08  Marine x2, SCV x2  
  66  5:24  SCV  
  66  5:31  SCV  
  66  5:36  SCV  
  66  5:38  Command Center  
  64  5:43  SCV  
  64  5:51  SCV  
  64  5:54  Missile Turret  
  64  5:56  Factory Tech Lab, SCV, Starport Reactor, Missile Turret  
  65  6:01  Marine x2  
  65  6:03  SCV  
  68  6:04  Marine x2  
  68  6:10  SCV, Terran Infantry Weapons Level 1  
  71  6:13  Stimpack, Marine  
  71  6:18  SCV  
  73  6:19  Marine  
  73  6:22  SCV  
  73  6:25  Marine x2  
  76  6:30  SCV  
  78  6:33  Marine x2, Siege Tank  
  78  6:34  SCV  
  78  6:39  Supply Depot  
  84  6:42  SCV  
  84  6:45  Marine x2  
  84  6:46  SCV  
  88  6:50  Refinery  
  88  6:51  Refinery  
  88  6:54  SCV  
  88  6:55  Marine x3  
  88  6:58  Medivac  
  88  6:59  SCV  
  88  7:01  Medivac  
  97  7:06  SCV  
  97  7:07  Siege Tank  
  101  7:10  Marine x2  
  101  7:11  SCV  
  101  7:13  Marine  
  105  7:18  SCV, Orbital Command  
  105  7:22  Marine x2  
  107  7:23  SCV  
  107  7:28  Supply Depot  
  108  7:31  SCV, Marine x2  
  108  7:32  Supply Depot  
  108  7:35  SCV  
  108  7:36  Marine  
  113  7:39  Siege Tank  
  113  7:40  Marine  
  117  7:46  Barracks x2  
  117  7:49  Marine  
  117  7:50  SCV x2  
  120  7:53  Supply Depot  
  120  7:54  SCV, Medivac  
  120  7:55  Medivac  
  120  7:58  Marine  
  126  7:59  Marine  
  126  8:00  Marine x2  
  126  8:03  SCV  
  126  8:04  SCV  
  130  8:08  SCV  
  130  8:10  Terran Infantry Armor Level 1  
  131  8:13  Supply Depot, Combat Shields  
  131  8:14  Marine  
  131  8:16  SCV x2, Marine  
  131  8:18  Siege Tank  
  138  8:20  Marine x2  
  138  8:21  SCV  
  141  8:28  Marine  
  141  8:35  Marine x2, Medivac x2, SCV  
  141  8:36  Barracks Reactor  
  141  8:37  Supply Depot  
  141  8:38  Marine  
  141  8:39  Supply Depot  
  141  8:41  Barracks Reactor  
  149  8:57  Supply Depot x2  
  149  8:59  Marine x4, SCV, Siege Tank  
  149  9:00  Marine, SCV  
  158  9:05  Supply Depot x2  
  158  9:06  Barracks  
  158  9:08  Barracks x2  
  158  9:15  Factory  
  158  9:16  Sensor Tower, Marine x2  
  158  9:18  Marine x5  
  165  9:26  Armory  
  165  9:29  Supply Depot, Engineering Bay  
  165  9:30  Medivac  
  167  9:32  Marine  
  167  9:33  SCV x3  
  167  9:35  Marine  
  172  9:40  Marine x2  
  172  9:41  Marine, Siege Tank  
  177  9:46  Marine x4  
  177  9:50  SCV  
  177  9:51  Marine, Missile Turret  
  183  9:55  Supply Depot  
  183  9:58  Marine  
  183  9:59  Marine x3, Barracks Reactor x2  
  187  10:05  Marine x2  
  187  10:06  Barracks Reactor  
  186  10:09  Factory Tech Lab  
  186  10:12  Marine  
  186  10:13  Marine  
  186  10:14  Terran Infantry Weapons Level 2  
  188  10:20  Marine  
  188  10:21  Marine  
  190  10:27  Marine x2, Terran Infantry Armor Level 2  
  184  10:28  Marine x2  
  186  10:37  Command Center  
  186  10:51  Marine  
  186  10:52  Marine x2  
  186  10:53  Marine x3  
  192  10:57  Marine x2  
  194  11:10  Marine x3, Siege Tank  
  200  11:29  Command Center  
  200  11:35  Barracks  
  200  11:54  Marine x9  
  150  11:55  Marine x6  
  150  11:56  Siege Tank  
  150  11:59  Medivac  
  150  12:00  Siege Tank  
  120  12:11  Marine x2  
  120  12:12  Marine x9, Medivac  
  120  12:13  Marine x4  
  137  12:18  Starport  
  137  12:21  Barracks Reactor  
  137  12:27  Missile Turret  
  137  12:28  Siege Tank  
  137  12:29  Marine, Medivac  
  143  12:32  Siege Tank  
  143  12:35  Marine x5  
  151  12:42  Medivac  
  149  12:44  Marine  
  149  12:45  Marine  
  149  12:48  Marine x2  
  149  12:49  Marine x4  
  157  12:52  Marine x2  
  157  12:54  Marine  
  157  12:55  Marine  
  157  12:57  Marine  
  162  12:59  Medivac  
  162  13:00  Marine x2, Siege Tank  
  162  13:02  Marine x3, SCV  
  162  13:04  Siege Tank  
  176  13:17  Marine  
  134  13:32  Marine x3, Siege Tank  
  134  13:33  Marine  
  109  13:34  Marine  
  109  13:36  Marine, Siege Tank  
  109  13:37  Marine  
  109  13:38  Marine  
  109  13:39  Marine x5  
  109  13:40  Marine x3  
  117  13:42  Marine  
  118  13:50  Marine x3  
  118  13:51  Marine  
  118  13:52  Marine  
  123  13:56  Marine  
  123  13:58  Marine  
  123  13:59  Marine  
  123  14:01  Marine  
  127  14:03  Marine x2  
  127  14:04  Medivac, Siege Tank  
  127  14:05  Marine x4  
  127  14:06  Marine  
  127  14:08  Marine, Siege Tank  
  143  14:11  Marine x2  
  143  14:12  Marine x2  
  143  14:14  Marine x2  
  147  14:24  Marine  
  147  14:26  Marine  
  147  14:29  Marine  
  147  14:30  Marine x6  
  147  14:31  Marine x2  
  158  14:35  Marine  
  158  14:36  Marine x4, Siege Tank  
  158  14:37  Marine  
  164  14:41  Siege Tank  
  164  14:42  Marine  
  164  14:43  Marine  
  169  14:46  Orbital Command  
  169  14:47  Marine  
  170  14:54  Marine  
  170  14:55  Marine x6  
  177  15:08  Medivac  
  177  15:09  Siege Tank  
  177  15:13  Siege Tank  
  182  15:27  Marine x3  
  158  15:32  Marine  
  158  15:33  Marine x2  
  161  15:37  Marine x3  
  161  15:41  Siege Tank  
  151  15:43  Marine x2, Marauder  
  151  15:44  Marine x5  
  151  15:45  Marine x3  
  160  15:50  Marine  
  160  15:52  Marine x2  
  160  15:55  Marine  
  160  15:57  Marine x2  
  164  16:01  Marine  
  167  16:05  Marauder  
  153  16:25  Marine x2  
  153  16:26  Marine  
  153  16:27  Marine, Siege Tank  
  157  16:34  Marine x2  
  138  16:40  Marine x3  
  138  16:42  Marine x3  
  138  16:43  Marine x2  
  138  16:44  Marine x4  
  138  16:45  Marine, Cyclone  
  138  16:46  Marine x2  
  96  16:52  Marine x2  
  98  16:57  Marine x2  
  98  16:58  Marine  
  98  16:59  Marine  
  98  17:00  Marine x2  
  98  17:01  Marine x2  
  104  17:02  Marine x4  
  104  17:03  Marine  
  104  17:04  Marine x2  
  113  17:09  Marine x2, Medivac  
  113  17:15  Marine x3  
  117  17:17  Marine x2  
  117  17:18  Marine  
  117  17:19  Marine x2  
  117  17:20  Marine  
  126  17:28  Marine  
  126  17:29  Marine x2  
Show
View Real Time Build Order
Export as new Build Order

FinnsoN Terran - Winner!

Build Orders: Reaper Expand, Bio Tank 

Get SALT Encoding   

  12  0:00  SCV  
  13  0:12  SCV  
  14  0:20  Supply Depot  
  14  0:24  SCV  
  15  0:42  SCV  
  16  0:43  Barracks  
  16  0:48  Refinery  
  16  0:54  SCV  
  17  1:06  SCV  
  18  1:18  SCV  
  19  1:30  Orbital Command  
  19  1:31  Reaper  
  20  1:43  Command Center  
  20  1:56  SCV  
  20  1:58  Supply Depot  
  21  2:03  Reaper  
  22  2:14  SCV  
  23  2:25  Factory  
  23  2:26  SCV  
  24  2:35  Marine  
  25  2:38  SCV  
  26  2:45  Refinery  
  26  2:50  SCV  
  27  2:54  Orbital Command  
  27  2:59  Barracks Reactor  
  27  3:02  SCV  
  28  3:14  SCV  
  28  3:19  Starport  
  29  3:24  Widow Mine  
  31  3:30  SCV  
  31  3:31  SCV  
  33  3:34  Supply Depot  
  33  3:35  Marine x2  
  35  3:42  SCV  
  35  3:46  SCV  
  37  3:53  Marine x2, Widow Mine  
  37  3:54  SCV  
  42  3:56  Medivac  
  42  3:58  SCV  
  42  4:00  Supply Depot  
  45  4:06  SCV  
  46  4:10  SCV  
  46  4:11  Marine x2, Command Center  
  49  4:21  SCV  
  49  4:22  SCV  
  51  4:28  Marine  
  51  4:31  Factory Tech Lab, Viking  
  52  4:36  SCV  
  55  4:39  SCV  
  55  4:41  Barracks x2  
  55  4:42  Marine  
  57  4:46  Marine  
  57  4:48  SCV  
  57  4:50  Siege Tank  
  62  4:53  Supply Depot  
  62  4:55  Supply Depot  
  62  4:59  Engineering Bay  
  62  5:01  Refinery  
  62  5:04  Starport Reactor  
  62  5:12  Supply Depot  
  62  5:15  Marine x2, SCV x2  
  66  5:27  SCV x2  
  71  5:28  Siege Tank  
  71  5:29  Barracks Tech Lab  
  71  5:30  Orbital Command, Barracks Tech Lab  
  71  5:32  Marine  
  71  5:34  Marine  
  67  5:39  SCV x2  
  67  5:41  Medivac x2  
  72  5:50  Marine  
  72  5:51  SCV  
  72  5:52  Marine  
  72  5:53  SCV  
  72  5:54  Supply Depot, Marine, Refinery  
  72  5:56  Stimpack  
  78  5:58  Barracks  
  78  6:03  Orbital Command  
  75  6:04  Marine  
  75  6:05  Barracks  
  75  6:08  Marine  
  75  6:09  SCV  
  76  6:14  SCV  
  76  6:15  Marine  
  78  6:19  Marine, Siege Tank  
  78  6:21  Medivac  
  78  6:22  Marine  
  78  6:23  SCV  
  86  6:26  Marine  
  86  6:28  SCV  
  86  6:30  SCV  
  89  6:33  Marine  
  89  6:35  SCV  
  89  6:37  Marine  
  92  6:40  Marine  
  92  6:44  Marine  
  92  6:45  SCV, Combat Shields  
  96  6:47  Barracks Reactor  
  96  6:49  SCV x2  
  96  6:50  Terran Infantry Weapons Level 1  
  96  6:52  Barracks Reactor  
  97  6:55  Marine  
  97  6:56  Marine  
  97  6:57  SCV  
  97  6:58  Marine  
  97  6:59  Barracks  
  101  7:01  SCV  
  101  7:04  Barracks  
  101  7:06  SCV  
  102  7:08  Supply Depot  
  102  7:09  Supply Depot, SCV  
  102  7:10  Marine  
  102  7:11  Refinery  
  102  7:12  Refinery  
  102  7:13  Marine  
  102  7:14  Marine  
  106  7:16  Marine  
  106  7:19  Siege Tank  
  109  7:25  Supply Depot, Marine x2, Medivac x2  
  116  7:30  SCV x2  
  116  7:31  SCV  
  116  7:34  Factory  
  118  7:38  Marine x2  
  118  7:39  Engineering Bay  
  118  7:41  Armory  
  118  7:42  SCV  
  121  7:47  SCV  
  121  7:48  Missile Turret x2  
  121  7:49  Missile Turret x2  
  122  7:53  Missile Turret  
  122  7:55  Missile Turret  
  122  7:56  Marine  
  122  7:57  Missile Turret  
  122  7:58  Missile Turret  
  122  8:00  Medivac  
  122  8:03  Medivac  
  122  8:05  Marine x2  
  126  8:10  Supply Depot, Barracks Reactor  
  126  8:11  Barracks Reactor  
  128  8:13  SCV x2  
  128  8:14  SCV  
  128  8:16  Terran Infantry Armor Level 1  
  131  8:22  Missile Turret  
  131  8:24  Marine  
  131  8:25  Missile Turret  
  131  8:26  Missile Turret  
  132  8:27  SCV  
  132  8:28  Factory Tech Lab  
  132  8:32  Sensor Tower, Marine x2  
  132  8:33  Marine  
  136  8:37  Marine x2  
  136  8:39  SCV  
  136  8:41  Terran Vehicle Weapons Level 1  
  139  8:43  Siege Tank  
  139  8:44  Marine x2, Medivac  
  146  8:50  Marine x2  
  148  8:56  Command Center  
  148  8:57  Terran Infantry Weapons Level 2  
  148  9:02  Marine x2  
  148  9:09  Supply Depot x2  
  149  9:11  Supply Depot  
  149  9:12  Supply Depot  
  149  9:15  Supply Depot  
  149  9:20  Supply Depot  
  149  9:22  Supply Depot  
  149  9:25  Sensor Tower  
  149  9:28  Marine x4, Siege Tank  
  149  9:30  Medivac  
  149  9:31  Factory  
  158  9:32  Marine x2  
  160  9:48  Supply Depot x2, Marine x2  
  160  9:50  Marine x4  
  160  9:51  Marine x2, Siege Tank  
  171  9:54  Marine x2  
  173  10:06  Marine  
  172  10:09  Marine  
  172  10:12  Terran Infantry Armor Level 2  
  172  10:19  Marine x2  
  172  10:20  Siege Tank  
  177  10:22  Marine x2  
  179  10:30  Marine x3, Viking x2  
  179  10:31  Marine x3  
  179  10:32  Siege Tank  
  179  10:34  Factory Tech Lab  
  185  10:56  Marine  
  185  10:58  Marine x3  
  185  10:59  Siege Tank x2  
  185  11:00  Viking x2  
  198  11:13  Siege Tank  
  198  11:14  Marine  
  198  11:16  Marine x2  
  198  11:17  Marine  
  196  11:24  Command Center  
  193  11:27  Marine  
  193  11:28  Terran Infantry Weapons Level 3  
  193  11:30  Marine x2  
  193  11:31  Marine, Siege Tank  
  197  11:53  Marine x2  
  197  11:54  Marine x2  
  141  11:56  Marine x7  
  141  11:57  Marine  
  128  12:07  Siege Tank x2  
  134  12:11  Marine x2  
  134  12:12  Planetary Fortress  
  134  12:13  Marine x3  
  139  12:18  Marine x2  
  139  12:20  Marine x2  
  143  12:23  Marine  
  143  12:28  Marine x2  
  143  12:29  Marine  
  147  12:30  SCV  
  147  12:31  SCV  
  147  12:37  Marine x2  
  149  12:45  Siege Tank  
  149  12:46  Siege Tank x2  
  149  12:47  Marine x2, Medivac  
  149  12:48  Marine  
  163  12:55  Medivac  
  163  12:58  Orbital Command  
  165  12:59  SCV x3  
  165  13:03  Terran Infantry Armor Level 3  
  167  13:06  Terran Vehicle Weapons Level 2  
  167  13:10  Marine  
  168  13:17  Marine x4  
  168  13:18  Siege Tank  
  174  13:21  Marine x2  
  174  13:23  Marine x3  
  174  13:24  Marine x2  
  159  13:28  Marine  
  149  13:34  Marine  
  149  13:40  Marine x5  
  149  13:41  Marine x4  
  155  13:42  Marine  
  155  13:43  Siege Tank  
  155  13:47  Refinery  
  163  13:48  Refinery  
  163  13:49  Marine  
  163  13:51  Orbital Command  
  163  13:52  Marine  
  165  13:58  Marine x5  
  165  13:59  Marine x2  
  165  14:00  Marine  
  165  14:01  Marine  
  174  14:14  Siege Tank  
  174  14:15  Marine x2, Building Armor  
  174  14:16  SCV x3  
  182  14:18  Marine  
  182  14:21  Siege Tank  
  186  14:26  Marine  
  187  14:33  SCV  
  188  14:39  Siege Tank  
  188  14:43  Marine x2  
  188  14:44  Marine  
  188  14:45  Marine x2  
  196  14:46  Siege Tank  
  196  14:52  Marine x2, Barracks  
  198  14:54  Barracks, Viking  
  197  15:09  Marine x3  
  200  15:24  Marine x4  
  191  15:30  Marine x3  
  191  15:32  Viking x2  
  198  15:44  Barracks Reactor x2  
  198  15:46  SCV x2, Barracks  
  198  15:48  Barracks  
  200  15:53  Hi-Sec Auto Tracking  
  200  16:10  Marine  
  200  16:12  Marine  
  200  16:16  Marine x2  
  200  16:17  Marine x4  
  189  16:19  Marine x2, Siege Tank x2  
  189  16:20  Marine x4  
  198  16:28  Marine  
  198  16:30  Marine  
  198  16:33  Marine  
  198  16:34  Marine  
  198  16:35  Marine x3  
  198  16:37  Marine x3  
  198  16:38  Marine x3  
  187  16:40  Marine  
  187  16:46  Marine  
  169  16:48  Marine, Siege Tank  
  169  16:51  Marine x2  
  169  16:52  Marine x2  
  169  16:53  Marine  
  178  16:55  Marine x4  
  178  16:56  Marine x2  
  178  16:58  Marine  
  178  16:59  Medivac x2  
  178  17:01  Barracks x2  
  189  17:02  Siege Tank x2  
  189  17:03  Marine, Barracks  
  189  17:06  Marine  
  197  17:09  Marine, Reaper  
  197  17:10  Marine  
  200  17:18  Barracks  
  200  17:20  Barracks  
  200  17:25  Marine x2  
  200  17:26  Marine x6  
  179  17:33  Marine  
  179  17:36  Marine x2  
  184  17:41  Marine  
  190  17:51  Refinery  
Tags
 
Add a new tag
Caveats
  • Supply blocks, unpowered buildings, or Contaminate may cause inaccurate times.
  • Supply counts are checked every 10 seconds.